 Dungeon Crawl Stone Soup version 0.26.1-11-gd32895ea62 (webtiles) character file.

Game seed: 11156798214707465074

45 Revguard the Skirmisher (level 3, -2/29 HPs)
             Began as a Demonspawn Fighter on May 1, 2021.
             Slain by a worm (9 damage)
             ... on level 2 of the Dungeon.
             The game lasted 00:01:51 (1489 turns).

Revguard the Skirmisher (Demonspawn Fighter)        Turns: 1489, Time: 00:01:52

Health: -2/29      AC:  6    Str: 17    XL:     3   Next: 42%
Magic:  3/3        EV:  7    Int:  9    God:
Gold:   9          SH:  9    Dex: 12    Spells: 2/2 levels left

rFire    . . .     SeeInvis .   a - +0 war axe
rCold    . . .     Faith    .   c - +0 kite shield
rNeg     . . .     Spirit   .   b - +0 scale mail
rPois    .         Reflect  .   (no helmet)
rElec    .         Harm     .   (no cloak)
rCorr    .         Rampage  .   (no gloves)
Will     .....                  (no boots)
Stlth    ..........             (no amulet)
HPRegen  0.09/turn              (no ring)
MPRegen  0.08/turn              (no ring)

@: no status effects
A: claws 1, powered by pain 1
a: no special abilities


You were on level 2 of the Dungeon.
You visited 1 branch of the dungeon, and saw 2 of its levels.

You collected 9 gold pieces.

Inventory:

Hand Weapons
 a - a +0 war axe (weapon)
Armour
 b - a +0 scale mail (worn)
 c - a +0 kite shield (worn)
Jewellery
 h - a cursed ring of attention {unknown}
Scrolls
 f - a scroll of teleportation {unknown}
 g - 2 scrolls of fear {unknown}
 i - a scroll of random uselessness {unknown}
 k - a scroll of remove curse {unknown}
 l - a scroll of identify {unknown}
Potions
 d - a potion of might
 e - 2 potions of heal wounds {unknown}
 j - a potion of curing {unknown}


   Skills:
 + Level 3.3 Fighting
 + Level 2.0 Axes
 + Level 3.2 Armour
 + Level 0.7 Dodging
 + Level 3.1 Shields


You had 2 spell levels left.
You didn't know any spells.
Your spell library was empty.

Dungeon Overview and Level Annotations

Branches:
Dungeon (2/15)

Altars:


Innate Abilities, Weirdness & Mutations

You have sharp fingernails.
You sometimes gain a little power by taking damage.


Message History

The goblin completely misses you.
You slash the goblin!
You kill the goblin!
You hit the worm. The worm bites you!
You see here a goblin corpse.
The worm closely misses you.
You barely miss the worm.
The worm is moderately wounded.
You block the worm's attack.
You hit the worm.
The worm is moderately wounded.
The worm bites you.
* * * LOW HITPOINT WARNING * * *
You barely miss the worm.
The worm is lightly wounded.
You block the worm's attack.
You barely miss the worm.
The worm is lightly wounded.
The worm bites you!
You die...

#.##...##.....#.#....#
..##...##............#
####...##....###.#####
#...##....# #.##
#...##....# #..#
####...##....# ##.##
.......##....####..##
.......##....#..w.)!#####
.......##....#..@†.......
.......##....#...........
.†)..#########...........
.....# #...........
.....# #...........
.....# #........###
.....# #......#.# .....#
#......#.. .....#


You could see a worm.

Vanquished Creatures
  An adder (D:2)
  A dart slug (D:2)
  2 leopard geckos
  A bat (D:1)
  2 giant cockroaches (D:1)
  3 goblins
  4 hobgoblins
  6 jackals (D:1)
  2 frilled lizards
  3 kobolds
  5 rats
30 creatures vanquished.

Notes
Turn   | Place    | Note
-------+----------+-------------------------------------------
     0 | D:1      | Revguard the Demonspawn Fighter began the quest for the
                  | Orb.
     0 | D:1      | Reached XP level 1. HP: 18/18 MP: 1/1
   210 | D:1      | Gained mutation: You sometimes gain a little power by
                  | taking damage. [demonic ancestry]
   210 | D:1      | Reached XP level 2. HP: 24/24 MP: 2/2
  1291 | D:2      | Gained mutation: You have sharp fingernails. [demonic
                  | ancestry]
  1291 | D:2      | Reached XP level 3. HP: 26/29 MP: 3/3
  1489 | D:2      | Slain by a worm

Illustrated notes

Levels and vault maps discovered:
D:1:      erik_arrival_cave_to_civilisation [erik_arrival_cave_to_hall],
          layout_basic, minmay_hedge_maze, minmay_misc_feat_nine_boxes
D:2:      layout_basic, chequers_ecumenical_altar_simple_redux, uniq_natasha

Skill      XL: |  1  2  3 |
---------------+----------+-----
Armour         | 3 |  3.2
Shields        | 3 |  3.1
Axes           | 2 |  2.0
Fighting       | |  3.3
Dodging        | |  0.7

Action                   || total
-------------------------++-------
Melee: War axe           ||    88
Armor: Scale mail        ||    61
Dodge: Dodged            ||    52
Block: Kite shield       ||    61
